 Dungeon Crawl Stone Soup version 0.23-a0-473-gc8aadda (webtiles) character file.

5400 JeffiDaFish the Artisan of Death (level 10, -13/50 HPs)
             Began as a Deep Elf Necromancer on Nov 28, 2018.
             Was a Priest of Kikubaaqudgha.
             Killed from afar by Nergalle (43 damage)
             ... with a bolt of negative energy
             ... on level 10 of the Dungeon.
             The game lasted 00:40:54 (11197 turns).

JeffiDaFish the Artisan of Death (DENe)            Turns: 11197, Time: 00:40:57

Health: -13/50     AC: 11    Str:  5    XL:     10   Next: 40%
Magic:  1/25       EV: 16    Int: 26    God:    Kikubaaqudgha [***...]
Gold:   378        SH:  0    Dex: 15    Spells: 5/27 levels left

rFire    . . .     SeeInvis .   i - +2 short sword (vamp)
rCold    . . .     Gourm    .   (no shield)
rNeg     . . .     Faith    .   e - +0 robe
rPois    .         Spirit   .   (no helmet)
rElec    .         Reflect  .   r - +2 cloak
rCorr    .         Harm     .   b - +0 pair of gloves
MR       +....                  (no boots)
Stlth    ++++......             (no amulet)
HPRegen  0.16/turn              p - ring of flight
MPRegen  0.19/turn              s - +1 ring of protection

@: heavily drained
A: molten scales 1, thin metallic scales 1, clever 1
a: Receive Corpses, Renounce Religion, Evoke Flight


You were on level 10 of the Dungeon.
You worshipped Kikubaaqudgha.
Kikubaaqudgha was most pleased with you.
You were not hungry.

You visited 2 branches of the dungeon, and saw 11 of its levels.
You also visited: Ossuary.

You collected 477 gold pieces.
You spent 99 gold pieces at shops.

Inventory:

Hand Weapons
 i - a +2 vampiric short sword (weapon)
Armour
 b - a +0 pair of gloves (worn)
 e - a +0 robe (worn)
 r - a +2 cloak (worn)
Jewellery
 p - a ring of flight (left hand)
 s - a +1 ring of protection (right hand)
Wands
 k - a wand of acid (8)
 l - a wand of enslavement (5)
 n - a wand of flame (15)
 q - a wand of iceblast (1)
 t - a wand of paralysis (8)
Scrolls
 d - 5 scrolls of identify
 f - 5 scrolls of remove curse
 m - 6 scrolls of magic mapping
 o - 3 scrolls of teleportation
Potions
 g - 3 potions of haste
 h - 4 potions of magic
 j - 3 potions of curing
Comestibles
 a - 7 chunks of flesh
 c - 22 rations


   Skills:
 + Level 8.1(6.7) Dodging
 + Level 8.7(7.3) Stealth
 + Level 9.0(7.6) Spellcasting
 + Level 4.2(2.9) Conjurations
 * Level 11.7(10.2) Necromancy
 + Level 4.1(2.9) Ice Magic


You had 5 spell levels left.
You knew the following spells:

 Your Spells              Type           Power        Failure   Level  Hunger
a - Pain                  Necr           ####         1%          1    None
b - Vampiric Draining     Necr           ######....   1%          3    None
c - Regeneration          Chrm/Necr      #####.....   2%          3    None
d - Throw Icicle          Conj/Ice       ####....     17%         4    ##.....
e - Borgnjor's Vile Clut  Necr/Erth      #####.....   21%         5    #####..
f - Death Channel         Necr           ######....   14%         6    ######.

Your spell library contained the following spells:

 Spells                   Type           Power        Failure   Level  Hunger
 Animate Skeleton         Necr           N/A          1%          1    None
 Freeze                   Ice            ####         1%          1    None
 Sublimation of Blood     Necr           ######....   1%          2    None
 Animate Dead             Necr           N/A          1%          4    ##.....
 Throw Frost              Conj/Ice       ####..       2%          2    None
 Dispel Undead            Necr           ######..     2%          5    #####..
 Ozocubu's Armour         Chrm/Ice       ###.....     10%         3    None
 Summon Ice Beast         Ice/Summ       ###.....     32%         4    ##.....
 Simulacrum               Ice/Necr       #####.....   52%         6    ######.


Dungeon Overview and Level Annotations

Branches:
Dungeon (10/15)            Temple (1/1) D:7
   Lair: D:8-11         Orc: D:9-12

Altars:
Ashenzari
Elyvilon
Fedhas
Gozag
Hepliaklqana
Kikubaaqudgha
Nemelex Xobeh
Qazlal
Yredelemnul
The Shining One

Shops:
D:4 [   D:5 :   D:6 =

Annotations:
D:10 Nergalle


Innate Abilities, Weirdness & Mutations

You are partially covered in molten scales. (AC +2)
You are partially covered in thin metallic scales. (AC +2)
Your mind is acute. (Int +2)


Message History

Nergalle hits you but does no damage.
You completely miss Nergalle.
Nergalle is heavily wounded.
Nergalle hits you with a cursed -2 dagger.
You completely miss Nergalle.
Nergalle is heavily wounded.
Nergalle casts a spell at you. The bolt of negative energy hits you!
You feel drained.
Casting: Vampiric Draining (safe; 1% risk of failure)
Confirm with . or Enter, or press ? or * to list all spells.
Aiming: Vampiric Draining (safe; 1% risk of failure)
Press: ? - help, Shift-Dir - straight line, f/p - Nergalle
Aim: Nergalle, wielding a -2 dagger and wearing a +0 robe (heavily wounded) Nergalle is severely wounded.
You feel life coursing into your body.
Nergalle points at you and mumbles some strange words.
The bolt of negative energy hits you!
You feel drained.
Ouch! That really hurt!
You die...
Kikubaaqudgha rasps: "You have failed me!
Welcome... death!"

.. # #..........#
#..##.#.#.....#.##
#....)..#....####
#....##....###
#......##.[##
#.#...........#
..............#
......o....####
.>###.###@...#
..##.....##..##
...#.8o..8.#..# #
#...#.......#..# .
...%....._.....##
.##.....#.......###
........#.8...8.
.<# #.....# ###
###.##


You could see Nergalle.

Vanquished Creatures
  A two-headed ogre (D:9)
  A centaur warrior (D:10)
  A hippogriff (D:9)
  A spriggan (D:8)
  2 wyverns
  3 sky beasts
  2 necrophages (D:7)
  4 ice beasts
  3 phantoms
  3 ogres
  3 centaurs
  A crocodile (D:8)
  6 bullfrogs
  5 scorpions
  An electric eel (D:7)
  A wight (D:7)
  3 crimson imps
  A bullfrog zombie (D:7)
  2 centaur zombies (Ossuary)
  A quasit (D:9)
  A jelly (D:9)
  A centaur skeleton (D:6)
  Crazy Yiuf (D:7)
  2 hounds
  2 human zombies (Ossuary)
  A bullfrog skeleton (D:3)
  An iguana (D:8)
  4 orc wizards
  5 worker ants
  A big kobold zombie (Ossuary)
  2 hound skeletons
  A mummy (Ossuary)
  7 gnolls
  11 adders
  A shadow imp (D:8)
  3 oozes
  3 adder zombies
  2 adder skeletons (D:7)
  3 worms
  3 dart slugs
  7 leopard geckos
  21 orcs
  2 ball pythons
  8 giant cockroaches
  12 goblins
  11 hobgoblins
  8 jackals
  A quokka (D:2)
  2 bats
  8 frilled lizards
  2 goblin zombies (Ossuary)
  4 hobgoblin zombies (Ossuary)
  2 jackal zombies (Ossuary)
  7 kobolds
  12 kobold zombies (Ossuary)
  A leopard gecko zombie (D:7)
  8 orc zombies (Ossuary)
  A quokka skeleton (D:6)
  A quokka zombie (D:5)
  9 rats
  A rat zombie (Ossuary)
228 creatures vanquished.

Vanquished Creatures (collateral kills)
  A necrophage (D:7)
1 creature vanquished.

Vanquished Creatures (others)
  A quokka (D:5)
1 creature vanquished.

Grand Total: 230 creatures vanquished

Notes
Turn   | Place    | Note
-------+----------+-------------------------------------------
     0 | D:1      | JeffiDaFish the Deep Elf Necromancer began the quest for
                  | the Orb.
     0 | D:1      | Reached XP level 1. HP: 10/10 MP: 6/6
    82 | D:1      | Reached skill level 5 in Necromancy
   154 | D:1      | Reached XP level 2. HP: 3/15 MP: 2/8
   979 | D:2      | Reached XP level 3. HP: 15/19 MP: 6/9
  1009 | D:2      | Learned a level 3 spell: Vampiric Draining
  1844 | D:2      | Reached XP level 4. HP: 5/24 MP: 6/11
  2719 | D:3      | Reached skill level 6 in Necromancy
  2879 | D:3      | Reached XP level 5. HP: 23/28 MP: 7/13
  2902 | D:3      | Learned a level 3 spell: Regeneration
  3421 | D:3      | Found a blossoming altar of Fedhas.
  3424 | D:3      | Found a basalt altar of Yredelemnul.
  3427 | D:3      | Found an ancient bone altar of Kikubaaqudgha.
  3434 | D:3      | Found a shattered altar of Ashenzari.
  3440 | D:3      | Became a worshipper of Kikubaaqudgha
  3538 | D:4      | Found Jigot's Antique Armour Shoppe.
  3544 | D:4      | Bought a pair of gloves for 99 gold pieces
  3663 | D:4      | Found a hazy altar of Hepliaklqana.
  3684 | D:4      | Reached XP level 6. HP: 28/32 MP: 5/14
  3926 | D:5      | Entered Level 5 of the Dungeon
  3932 | D:5      | Noticed an ice beast
  3996 | D:5      | Found a white marble altar of Elyvilon.
  4112 | D:5      | Reached skill level 7 in Necromancy
  4149 | D:5      | Noticed a sky beast
  4155 | D:5      | Killed a sky beast
  4155 | D:5      | Reached skill level 5 in Spellcasting
  4593 | D:5      | Reached XP level 7. HP: 33/36 MP: 12/16
  4715 | D:5      | Found Qaugiq's Book Boutique.
  4745 | D:5      | Reached skill level 5 in Stealth
  4939 | D:5      | Reached skill level 5 in Dodging
  5093 | D:5      | Reached skill level 8 in Necromancy
  5534 | D:5      | Reached XP level 8. HP: 27/41 MP: 11/19
  6567 | D:6      | Reached * piety under Kikubaaqudgha
  6567 | D:6      | Identified Kikubaaqudgha's Volume of Dark Secrets
                  | (Kikubaaqudgha gifted it to you on level 6 of the Dungeon)
  6567 | D:6      | Received a gift from Kikubaaqudgha
  6788 | D:6      | Reached skill level 9 in Necromancy
  6889 | D:6      | Gained mutation: Your spells are a little easier to cast,
                  | but a little less powerful. [potion of mutation]
  6889 | D:6      | Gained mutation: You are partially covered in thin metallic
                  | scales. (AC +2) [potion of mutation]
  7003 | D:6      | Found Vontoo's Jewellery Shop.
  7223 | D:7      | Learned a level 4 spell: Throw Icicle
  7363 | D:7      | Found a runed door.
  7367 | D:7      | Noticed Crazy Yiuf
  7374 | D:7      | Killed Crazy Yiuf
  7466 | D:7      | Reached skill level 10 in Necromancy
  7466 | D:7      | Reached skill level 1 in Ice Magic
  7511 | D:7      | Found a staircase to the Ecumenical Temple.
  7520 | Temple   | Entered the Ecumenical Temple
  7540 | D:7      | Reached skill level 1 in Conjurations
  7540 | D:7      | Reached XP level 9. HP: 41/45 MP: 11/22
  7798 | D:7      | Reached ** piety under Kikubaaqudgha
  8295 | D:8      | Found a sand-covered staircase.
  8300 | Ossuary  | Entered an ossuary
  9244 | D:8      | Reached *** piety under Kikubaaqudgha
  9244 | D:8      | Identified Kikubaaqudgha's Papyrus of Evil Rituals
                  | (Kikubaaqudgha gifted it to you on level 8 of the Dungeon)
  9244 | D:8      | Received a gift from Kikubaaqudgha
  9256 | D:8      | Learned a level 5 spell: Borgnjor's Vile Clutch
  9263 | D:8      | Learned a level 6 spell: Death Channel
 10145 | D:9      | Reached skill level 11 in Necromancy
 10157 | D:9      | Lost mutation: Your spells are a little easier to cast, but
                  | a little less powerful. [potion of mutation]
 10157 | D:9      | Gained mutation: Your mind is acute. (Int +2) [potion of
                  | mutation]
 10157 | D:9      | Gained mutation: You are partially covered in molten
                  | scales. (AC +2) [potion of mutation]
 10673 | D:9      | Reached XP level 10. HP: 50/50 MP: 22/24
 10686 | D:9      | Noticed a two-headed ogre
 10750 | D:9      | Killed a two-headed ogre
 11074 | D:10     | Entered Level 10 of the Dungeon
 11074 | D:10     | Noticed Nergalle
 11144 | D:10     | Noticed a centaur warrior
 11160 | D:10     | Killed a centaur warrior
 11182 | D:10     | Found an opulent altar of Gozag.
 11197 | D:10     | Killed from afar by Nergalle

Vault maps used:
D:1:      dpeg_arrival_pits
D:2:      minmay_diamond_boxcup
D:3:      grunt_temple_overflow_cloverleaf, serial_park_tiny_2,
          minmay_misc_feat_columns
D:4:      kennysheep_mini_moat, serial_shops, shop, first_ration
D:5:      elyvilon_altar_4, serial_shops, nicolae_shop_statue_plus
D:6:      serial_shops, kennysheep_mini
D:7:      minmay_temple_entry_water_ring, serial_undead, serial_undead_d,
          serial_undead_f, serial_undead_a, serial_undead_e,
          kennysheep_small_circle, uniq_crazy_yiuf_cottage
D:8:      lightli_ossuary_entry_decrepit_ruins, the_bakery
D:9:      minmay_diced_spiral
D:10:     david_lair_generic, david_orc_1_choice, grunt_gozag_statues,
          uniq_nergalle
Temple:   compressed_dpeg_circular_temple
Ossuary:  ossuary_tomb_1

Skill      XL: |  1  2  3  4  5  6  7  8  9 10 |
---------------+-------------------------------+-----
Necromancy     | 5 6 7 8 10 11 | 11.7
Stealth        | 3 4 5 7 8 |  8.7
Dodging        | 3 4 5 6 7 8 |  8.1
Spellcasting   | 4 5 6 7 8 9 |  9.0
Ice Magic      | 1 3 4 |  4.1
Conjurations   | 1 3 4 |  4.2

Action                   |  1- 3 |  4- 6 |  7- 9 | 10-12 || total
-------------------------+-------+-------+-------+-------++-------
Melee: Unarmed           |     2 |       |       |       ||     2
       Dagger            |    15 |       |       |       ||    15
       Rapier            |     3 |    11 |       |       ||    14
       Short sword       |       |    79 |  1376 |    35 ||  1490
 Cast: Pain              |    59 |    43 |    51 |     3 ||   156
       Vampiric Draining |     1 |    27 |    69 |    17 ||   114
       Regeneration      |       |     3 |    48 |     1 ||    52
       Throw Icicle      |       |       |       |     2 ||     2
       Borgnjor's Vile C |       |       |       |     1 ||     1
Evoke: Wand              |       |       |     6 |     2 ||     8
  Use: Scroll            |     5 |     3 |     7 |       ||    15
       Potion            |     4 |     2 |     5 |     1 ||    12
 Stab: Sleeping          |     6 |    11 |    14 |     1 ||    32
       Distracted        |       |       |     2 |       ||     2
  Eat: Chunk             |     3 |     4 |    19 |     2 ||    28
       Ration            |       |     3 |     2 |       ||     5
Armor: Robe              |     6 |     6 |   335 |    23 ||   370
Dodge: Dodged            |    25 |    88 |  1150 |    58 ||  1321

Table legend:
 A = Non-vault XP
 B = Vault XP
 C = Vault XP percentage of total XP
 D = Non-vault monster count
 E = Vault monster count
 F = Vault count percentage of total count
                 A         B        C        D         E       F
            +---------+---------+-------+---------+---------+-------
      Total |    6490 |    1225 |  15.9 |     172 |      57 |  24.9
            +---------+---------+-------+---------+---------+-------
        D:1 |      39 |       0 |   0.0 |      16 |       0 |   0.0
        D:2 |      60 |      26 |  30.2 |      27 |       9 |  25.0
        D:3 |     142 |       0 |   0.0 |      29 |       0 |   0.0
        D:4 |     171 |       0 |   0.0 |       9 |       0 |   0.0
        D:5 |    1091 |       0 |   0.0 |      26 |       0 |   0.0
        D:6 |     724 |       0 |   0.0 |      15 |       0 |   0.0
        D:7 |     517 |     475 |  47.9 |      16 |       7 |  30.4
        D:8 |     723 |     224 |  23.7 |      14 |       1 |   6.7
        D:9 |    2112 |     244 |  10.4 |      19 |       3 |  13.6
       D:10 |     911 |       0 |   0.0 |       1 |       0 |   0.0
    Ossuary |       0 |     256 | 100.0 |       0 |      37 | 100.0
            +---------+---------+-------+---------+---------+-------
